 Dungeon Crawl Stone Soup version 0.28.0-53-g5a82cb258f (webtiles) character file.

Game seed: 7616534152451077458

968 raph the Carver (level 7, -3/57 HPs)
             Began as a Black Draconian Cinder Acolyte on June 27, 2022.
             Was a Priest of Ignis.
             Slain by a gnoll sergeant
             ... wielding a +0 trident
              (9 damage)
             ... on level 5 of the Dungeon.
             The game lasted 00:08:06 (5279 turns).

raph the Carver (Black Draconian Cinder Acolyte)    Turns: 5279, Time: 00:08:06

Health: -3/57      AC:  6    Str: 17    XL:     7   Next: 93%
Magic:  2/8        EV: 11    Int: 14    God:    Ignis [***...]
Gold:   163        SH:  0    Dex:  8    Spells: 6/8 levels left

rFire   + . .      SeeInvis .   a - -1 falchion (flame)
rCold   . . .      Faith    .   (no shield)
rNeg    . . .      Spirit   .   (armour unavailable)
rPois   .          Reflect  .   (helmet restricted)
rElec   +          Harm     .   (no cloak)
rCorr   .          Rampage  .   (no gloves)
Will    .....                   (no boots)
Stlth   +.........              g - amulet of magic regeneration
HPRegen 0.19/turn               (no ring)
MPRegen 0.51/turn               (no ring)

@: very slightly contaminated
A: breathe lightning, AC +6, unfitting armour, electricity resistance,
cold-blooded
a: Breathe Lightning, Renounce Religion, Fiery Armour, Foxfire Swarm, Rising
Flame


You were on level 5 of the Dungeon.
You worshipped Ignis.
Ignis was most pleased with you.
You visited 2 branches of the dungeon, and saw 6 of its levels.

You collected 163 gold pieces.

Inventory:

Hand Weapons
 a - a -1 falchion of flaming (weapon)
 b - a +2 vorpal hunting sling
Missiles
 d - 73 stones (quivered)
Jewellery
 e - a ring of positive energy
 g - an amulet of magic regeneration (around neck)
 h - an amulet of the acrobat
Wands
 m - a wand of iceblast (5)
Scrolls
 l - 2 scrolls of teleportation
 o - a scroll of holy word
 p - 2 scrolls of identify
Potions
 c - a potion of brilliance
 f - a potion of heal wounds {unknown}
 i - a potion of lignification
 j - a potion of ambrosia {unknown}
 k - a potion of attraction {unknown}
 n - a potion of mutation {unknown}


   Skills:
 + Level 3.3 Fighting
 + Level 9.6 Long Blades
 + Level 0.2 Dodging
 + Level 0.3 Stealth
 - Level 1.0 Spellcasting
 - Level 3.0 Fire Magic


You had 6 spell levels left.
You knew the following spells:

 Your Spells              Type           Power      Damage    Failure   Level
a - Scorch                Fire           18%        2d6       12%         2

Your spell library contained the following spells:

 Spells                   Type           Power      Damage    Failure   Level
 Gell's Gravitas          Tloc           0%         N/A       61%         3
 Lesser Beckoning         Tloc           0%         N/A       61%         3
 Teleport Other           Tloc           0%         N/A       61%         3


Dungeon Overview and Level Annotations

Branches:
Dungeon (5/15)             Temple (1/1) D:5

Altars:
Ashenzari
Cheibriados
Dithmenos
Elyvilon
Fedhas
Gozag
Hepliaklqana
Kikubaaqudgha
Nemelex Xobeh
Okawaru
Qazlal
Ru
Sif Muna
Trog
Uskayaw
Vehumet
Wu Jian
Xom
Yredelemnul
Zin
The Shining One


Innate Abilities, Weirdness & Mutations

You can breathe wild blasts of lightning.
Your glossy black scales are hard. (AC +6)
You cannot fit into any form of body armour.
You are resistant to electric shocks. (rElec)
You are cold-blooded and may be slowed by cold attacks.


Message History

Confirm with . or Enter, or press ? or * to list all spells.
Flames lash the gnoll sergeant.
The gnoll sergeant is lightly wounded.
The gnoll sergeant's fire resistance burns away.
The gnoll sergeant hits you from afar with a +0 trident.
Casting: Scorch (safe; 12% risk of failure)
Confirm with . or Enter, or press ? or * to list all spells.
You miscast Scorch.
Nothing appears to happen.
The gnoll sergeant hits you from afar with a +0 trident!
Casting: Scorch (safe; 12% risk of failure)
Confirm with . or Enter, or press ? or * to list all spells.
You don't know that spell.
The gnoll sergeant hits you with a +0 trident.
You hit the gnoll sergeant. You burn the gnoll sergeant.
The gnoll sergeant is lightly wounded.
The gnoll sergeant is no longer more vulnerable to fire.
You completely miss the gnoll sergeant.
The gnoll sergeant is lightly wounded.
The gnoll sergeant barely misses you.
You hit the gnoll sergeant. You burn the gnoll sergeant.
The gnoll sergeant is heavily wounded.
The gnoll sergeant closely misses you.
Casting: Scorch (safe; 12% risk of failure)
Confirm with . or Enter, or press ? or * to list all spells.
Flames lash the gnoll sergeant.
The gnoll sergeant is heavily wounded.
The gnoll sergeant's fire resistance burns away.
The gnoll sergeant hits you with a +0 trident!
Activating: Breathe Lightning (5% risk of failure)
Press: ? - help, Dir - look around, f - activate You fail to use your ability.
The gnoll sergeant hits you with a +0 trident.
* * * LOW HITPOINT WARNING * * *
You hit the gnoll sergeant but do no damage.
The gnoll sergeant is heavily wounded.
The gnoll sergeant hits you with a +0 trident!
* * * LOW HITPOINT WARNING * * *
The gnoll sergeant is no longer more vulnerable to fire.
The gnoll sergeant hits you from afar with a +0 trident!
You die...

############## #.
##............# ##.
#....)........# #..
#....#####....## #..
#..@#### ##....###..
#...#⌠.# ##........
#..g#..#+###......#.
#...'g..[.##.....#.#
#...'.....##....#.#.
#...#.....##.....#.>
#...#######...#.#.#.
#.... #....#..#.#
#.... ..........#.


You could see a gnoll sergeant.

Vanquished Creatures
  Sigmund (D:4)
  An ice beast (D:4)
  2 ogres (D:4)
  2 centaur skeletons
  3 hounds
  3 orc priests
  Ijyb (D:2)
  Natasha (twice) (D:3)
  3 orc wizards (D:4)
  A hound skeleton (D:4)
  2 gnolls (D:5)
  3 adders
  An adder skeleton (D:4)
  A worm (D:2)
  A dart slug (D:2)
  9 orcs
  5 bats
  13 endoplasms
  4 giant cockroaches
  10 goblins
  11 hobgoblins
  2 quokkas
  9 ball pythons
  6 frilled lizards
  6 kobolds
  8 rats
110 creatures vanquished.

Vanquished Creatures (others)
  34 foxfires
34 creatures vanquished.

Grand Total: 144 creatures vanquished

Notes
Turn   | Place    | Note
-------+----------+-------------------------------------------
     0 | D:1      | raph the Draconian Cinder Acolyte began the quest for the
                  | Orb.
     0 | D:1      | Reached XP level 1. HP: 19/19 MP: 2/2
   467 | D:1      | Reached XP level 2. HP: 26/26 MP: 3/3
   830 | D:1      | Reached skill level 4 in Long Blades
  1207 | D:1      | Reached XP level 3. HP: 31/31 MP: 4/4
  1217 | D:1      | Learned a level 2 spell: Scorch
  1510 | D:2      | Identified the +1 mace of the Tired Bones {vorpal, rCorr
                  | Dex+3}
  1772 | D:2      | You fall into a shaft and drop 2 floors!
  1900 | D:2      | Reached XP level 4. HP: 38/38 MP: 5/5
  1906 | D:2      | Reached skill level 5 in Long Blades
  2243 | D:2      | Found a faded altar of an unknown god.
  2348 | D:3      | Noticed Natasha
  2354 | D:3      | Killed Natasha
  2711 | D:3      | Noticed Ijyb
  2924 | D:2      | Killed Ijyb
  2925 | D:2      | Reached XP level 5. HP: 25/45 MP: 6/6
  3256 | D:3      | Noticed Natasha
  3261 | D:3      | Killed Natasha
  3262 | D:3      | Reached skill level 6 in Long Blades
  3350 | D:4      | Noticed Sigmund
  3356 | D:4      | Killed Sigmund
  3357 | D:4      | Reached skill level 7 in Long Blades
  3357 | D:4      | Reached XP level 6. HP: 46/51 MP: 7/7
  3977 | D:4      | Reached skill level 8 in Long Blades
  3977 | D:4      | Your scales start taking on a glossy black colour.
  3977 | D:4      | Reached XP level 7. HP: 48/57 MP: 5/8
  3977 | D:4      | Gained mutation: You are resistant to electric shocks.
                  | (rElec) [Black Draconian growth]
  4427 | D:5      | Entered Level 5 of the Dungeon
  4604 | D:4      | Reached skill level 9 in Long Blades
  4649 | D:5      | Found a staircase to the Ecumenical Temple.
  4884 | Temple   | Entered the Ecumenical Temple
  5279 | D:5      | Slain by a gnoll sergeant

Illustrated notes

Levels and vault maps discovered:
D:1:      minmay_arrival_four_houses, layout_basic
D:2:      layout_basic, basic_ecumenical_altar
D:3:      layout_loops_ring, uniq_natasha, uniq_ijyb
D:4:      layout_gridville, uniq_sigmund
D:5:      layout_cave_pools, minmay_temple_entry_grid, serial_gnoll_camp,
          gnoll_camp_mini_loothouse, gnoll_camp_mini_house,
          gnoll_camp_mini_house, gnoll_camp_mini_house, gnoll_camp_mini_shop,
          gnoll_camp_mini_doghouse, ebering_ghost_sewer_f,
          hangedman_abyss_or_decor_passed, hangedman_decor_push, uniq_duvessa
Temple:   mainiacjoe_temple_circle_huts

Skill      XL: |  1  2  3  4  5  6  7 |
---------------+----------------------+-----
Long Blades    | 4 5 7 8 9 |  9.6
Fighting       | |  3.3
Dodging        | |  0.2
Stealth        | |  0.3
Spellcasting   | |  1.0
Fire Magic     | |  3.0

Action                   |  1- 3 |  4- 6 |  7- 9 || total
-------------------------+-------+-------+-------++-------
Melee: Falchion          |   141 |    81 |    26 ||   248
       Tailslap          |    13 |     7 |     2 ||    22
       Punch             |     1 |     2 |       ||     3
 Cast: Scorch            |     2 |    35 |    31 ||    68
Invok: Fiery Armour      |     1 |     2 |     1 ||     4
       Foxfire Swarm     |       |     1 |     1 ||     2
 Abil: Breathe Lightning |       |       |     3 ||     3
  Use: Scroll            |     6 |     3 |       ||     9
Armor: Skin              |    43 |    33 |    17 ||    93
Dodge: Dodged            |    82 |    78 |    30 ||   190
